 Dungeon Sprint DCSS version 0.21-a0-72-gbbb65ab (webtiles) character file.

18734 Kidiri the Fighter (level 12, -7/116 HPs)
             Began as a Yellow Draconian Transmuter on June 20, 2017.
             Was the Champion of Wu Jian.
             Mangled by a redback (13 damage)
             ... in the Dungeon (Sprint VII: "The Pits").
             The game lasted 00:19:58 (2566 turns).

Kidiri the Fighter (Yellow Draconian Transmuter)    Turns: 2566, Time: 00:19:58

Health: -7/116     AC: 11    Str: 18    XL:     12   Next: 30%
Magic:  21/27      EV: 20    Int: 14    God:    Wu Jian [******]
Gold:   48         SH:  0    Dex: 17    Spells: 19/34 levels left

rFire    + . .     SeeInvis .     - Unarmed
rCold    . . .     Gourm    .   (shield currently unavailable)
rNeg     . . .     Faith    .   (armour unavailable)
rPois    .         Spirit   .   (helmet restricted)
rElec    .         Reflect  .   u - +2 cloak
rCorr    +         Harm     .   (gloves currently unavailable)
MR       .....     NoTele   +   (no boots)
Stlth    ++........             (no amulet)
HPRegen  0.29/turn              q - +3 ring of strength
MPRegen  0.20/turn              r - +3 ring of dexterity

@: lethally poisoned (-7 -> -15), short of breath, blade hands, very slightly
contaminated, glowing, heavenly storm
A: spit acid, acid resistance, unfitting armour, blink, fire resistance 1,
cold-blooded, AC +8
a: Breathe Acid, End Transformation, Blink, Serpent's Lash, Heavenly Storm,
Renounce Religion


You were in the Dungeon.
You worshipped Wu Jian.
Wu Jian was exalted by your worship.
You were hungry.
You had blades for hands.
You visited 1 branch You collected 48 gold pieces.

Inventory:

Missiles
 a - 41 arrows
Armour
 u - a +2 cloak (worn)
Jewellery
 q - a +3 ring of strength (left scythe-like blade)
 r - a +3 ring of dexterity (right scythe-like blade)
 v - an uncursed ring of positive energy
 w - an uncursed ring of protection from cold
 x - an uncursed ring of ice
 A - an uncursed ring of positive energy
Scrolls
 i - 2 scrolls of blinking
 k - 4 scrolls of remove curse
 l - 5 scrolls of amnesia
 m - a scroll of summoning
 y - a scroll of enchant armour
 B - a scroll of fear
 C - a scroll of fog
 D - a scroll of recharging
Potions
 d - 5 potions of curing
 e - 4 potions of heal wounds
 f - 3 potions of haste
 g - 4 potions of magic
 h - 7 potions of berserk rage
 j - 2 potions of invisibility
 s - 4 potions of brilliance
 t - 2 potions of might
Books
 b - a book of Changes

   Spells                             Type                      Level
   a - Beastly Appendage              Transmutation                1
   b - Sticks to Snakes               Transmutation                2
   c - Spider Form                    Transmutation/Poison         3
   d - Ice Form                       Ice/Transmutation            4
   e - Blade Hands                    Transmutation                5
Comestibles
 c - 9 bread rations
 n - 32 fruits
 o - 7 meat rations
 z - a royal jelly


   Skills:
 * Level 13.8 Fighting
 * Level 10.4 Dodging
 * Level 12.2 Stealth
 * Level 12.7 Unarmed Combat
 * Level 11.8 Spellcasting
 * Level 12.6 Transmutations
 + Level 8.6 Ice Magic
 + Level 8.6 Poison Magic


You had 19 spell levels left.
You knew the following spells:

 Your Spells              Type           Power        Failure   Level  Hunger
a - Beastly Appendage     Tmut           #####.       5%          1    None
b - Spider Form           Tmut/Pois      #####.....   10%         3    None
c - Ice Form              Ice/Tmut       #####...     16%         4    ###....
d - Blade Hands           Tmut           #####.....   17%         5    #####..
e - Sticks to Snakes      Tmut           #####...     6%          2    None


Dungeon Overview and Level Annotations

Branches:
Dungeon (1/1)

Altars:
Ashenzari
Cheibriados
Dithmenos
Elyvilon
Fedhas
Gozag
Hepliaklqana
Kikubaaqudgha
Makhleb
Nemelex Xobeh
Okawaru
Qazlal
Ru
Sif Muna
Trog
Uskayaw
Vehumet
Wu Jian
Xom
Yredelemnul
Zin
The Shining One
Beogh
Jiyva
Lugonu


Innate Abilities, Weirdness & Mutations

You can spit globs of acid.
You are resistant to acid.
Your golden yellow scales are hard. (AC +8)
You cannot fit into any form of body armour.
You are cold-blooded and may be slowed by cold attacks.
You can translocate small distances at will.
Your flesh is heat resistant. (rF+)


Message History

The wolf closely misses you.
Unknown command.
You spin and attack the wolf.
You slice the wolf!!
You kill the wolf!
The Council accepts your kill.
You spin and attack the wolf.
You shred the wolf!!!
You kill the wolf!
The Council accepts your kill.
You feel less exhausted.
The guardian serpent coils itself and waves its upper body at you.
The bolt of poison hits you!
You are poisoned.
* * * LOW HITPOINT WARNING * * *
You spin and attack the smoke demon repeatedly.
You slice the smoke demon!! You slash the smoke demon.
You kill the smoke demon!
The Council accepts your kill.
* * * LOW HITPOINT WARNING * * *
You feel sick. The redback bites you!
You die...

#####################
#.§§§Ss§s§5..........
#.§§@s§§3§5..........
#.§###§############..
#. #§#§# #.. # #z#
#.# #.. ## #)# #..
#=# #.. #"# #.. ##
#.. ############


You could see an emperor scorpion, a guardian serpent and a redback.

Vanquished Creatures
  A hydra (D)
  A catoblepas (D)
  An anaconda (D)
  2 death yaks (D)
  2 deep elf knights (D)
  A sun demon (D)
  A skeletal warrior (D)
  A shadow wraith (D)
  A phantasmal warrior (D)
  A swamp dragon (D)
  A deep elf archer (D)
  An orc knight (D)
  2 deep elf magi (D)
  2 elephants (D)
  A smoke demon (D)
  2 gargoyles (D)
  A komodo dragon (D)
  2 spiny frogs (D)
  3 ice devils (D)
  2 efreet (D)
  A hellwing (D)
  A wandering mushroom (D)
  A guardian mummy (D)
  2 demonic crawlers (D)
  3 hornets (D)
  4 blink frogs (D)
  A wind drake (D)
  A hippogriff (D)
  2 redbacks (D)
  A wraith (D)
  An air elemental (D)
  A fire bat (D)
  Grum (D)
  A basilisk (D)
  4 vampire mosquitoes (D)
  2 wargs (D)
  A water moccasin (D)
  3 floating eyes (D)
  3 orc warriors (D)
  A black bear (D)
  8 wolves (D)
  A phantom (D)
  2 centaurs (D)
  A gnoll sergeant (D)
  2 wights (D)
  3 crimson imps (D)
  A hound (D)
  An iguana (D)
  6 gnolls (D)
  2 river rats (D)
  A white imp (D)
  2 ufetubi (D)
  An ooze (D)
  A worm (D)
  A leopard gecko (D)
  2 orcs (D)
  A bat zombie (D)
  A hobgoblin (D)
  7 jackals (D)
  A ball python (D)
  3 frilled lizards (D)
  3 rats (D)
115 creatures vanquished.

Notes
Turn   | Place    | Note
-------+----------+-------------------------------------------
     0 | D        | Kidiri the Draconian Transmuter began the quest for the Orb.
     0 | D        | Reached XP level 1. HP: 16/16 MP: 3/3
    13 | D        | Noticed a floating eye
    14 | D        | Paralysed by a floating eye for 3 turns
    19 | D        | Killed a floating eye
    19 | D        | Reached skill level 4 in Fighting
    19 | D        | Reached XP level 2. HP: 28/28 MP: 2/7
    19 | D        | Reached XP level 3. HP: 34/34 MP: 2/8
    19 | D        | Reached XP level 4. HP: 41/41 MP: 2/10
    48 | D        | Learned a level 3 spell: Spider Form
    53 | D        | Learned a level 4 spell: Ice Form
    58 | D        | Found a bloodstained altar of Trog.
    58 | D        | Found a deep blue altar of Sif Muna.
    58 | D        | Found a viscous altar of Jiyva.
    58 | D        | Found a hazy altar of Hepliaklqana.
    58 | D        | Found an opulent altar of Gozag.
    59 | D        | Found a glowing golden altar of the Shining One.
    59 | D        | Found a glowing silver altar of Zin.
    59 | D        | Found a basalt altar of Yredelemnul.
    59 | D        | Found a shimmering altar of Xom.
    59 | D        | Found an ornate altar of the Wu Jian Council.
    59 | D        | Found a sacrificial altar of Ru.
    59 | D        | Found a stormy altar of Qazlal.
    59 | D        | Found an iron altar of Okawaru.
    59 | D        | Found a sparkling altar of Nemelex Xobeh.
    59 | D        | Found a burning altar of Makhleb.
    59 | D        | Found a blossoming altar of Fedhas.
    59 | D        | Found a white marble altar of Elyvilon.
    59 | D        | Found a shadowy altar of Dithmenos.
    59 | D        | Found a snail-covered altar of Cheibriados.
    61 | D        | Found a radiant altar of Vehumet.
    61 | D        | Found a corrupted altar of Lugonu.
    61 | D        | Found a roughly hewn altar of Beogh.
    62 | D        | Found a hide-covered altar of Uskayaw.
    62 | D        | Found an ancient bone altar of Kikubaaqudgha.
    62 | D        | Found a shattered altar of Ashenzari.
    68 | D        | Became a worshipper of the Wu Jian Council
    93 | D        | Reached * piety under Wu Jian
   138 | D        | Noticed a floating eye
   142 | D        | Killed a floating eye
   142 | D        | Reached skill level 5 in Fighting
   142 | D        | Reached skill level 5 in Unarmed Combat
   142 | D        | Reached skill level 5 in Transmutations
   142 | D        | Reached skill level 1 in Ice Magic
   142 | D        | Reached skill level 1 in Poison Magic
   142 | D        | Reached XP level 5. HP: 48/48 MP: 8/12
   174 | D        | Learned a level 5 spell: Blade Hands
   177 | D        | Reached ** piety under Wu Jian
   208 | D        | Reached *** piety under Wu Jian
   208 | D        | Reached skill level 5 in Spellcasting
   267 | D        | Noticed a warg
   267 | D        | Noticed a water moccasin
   267 | D        | Noticed a phantom
   272 | D        | Reached **** piety under Wu Jian
   275 | D        | Killed a water moccasin
   275 | D        | Reached skill level 6 in Fighting
   275 | D        | Reached XP level 6. HP: 28/58 MP: 12/14
   280 | D        | Killed a warg
   280 | D        | Reached skill level 5 in Stealth
   288 | D        | Reached ***** piety under Wu Jian
   288 | D        | Reached skill level 7 in Fighting
   288 | D        | Your scales start taking on a golden yellow colour.
   288 | D        | Reached XP level 7. HP: 24/66 MP: 9/16
   651 | D        | Noticed an efreet
   678 | D        | Killed an efreet
   678 | D        | Reached skill level 8 in Fighting
   678 | D        | Reached skill level 5 in Dodging
   678 | D        | Reached XP level 8. HP: 39/74 MP: 10/18
   943 | D        | Noticed a gargoyle
   947 | D        | Noticed a death yak
   947 | D        | Killed a gargoyle
   952 | D        | Killed a death yak
   952 | D        | Reached skill level 9 in Fighting
   952 | D        | Reached XP level 9. HP: 46/83 MP: 10/21
  1130 | D        | Noticed a guardian mummy
  1130 | D        | Noticed a spiny frog
  1130 | D        | Noticed an ice devil
  1133 | D        | Reached skill level 5 in Ice Magic
  1133 | D        | Reached skill level 5 in Poison Magic
  1133 | D        | Killed a spiny frog
  1136 | D        | Killed a guardian mummy
  1137 | D        | Killed an ice devil
  1137 | D        | Reached skill level 10 in Fighting
  1213 | D        | Noticed a wind drake
  1215 | D        | Killed a wind drake
  1219 | D        | Noticed a demonic crawler
  1219 | D        | Noticed a demonic crawler
  1223 | D        | Killed a demonic crawler
  1224 | D        | Noticed an orc knight
  1229 | D        | Reached XP level 10. HP: 33/94 MP: 19/23
  1232 | D        | Killed an orc knight
  1232 | D        | Reached skill level 10 in Unarmed Combat
  1232 | D        | Reached skill level 10 in Transmutations
  1237 | D        | Noticed a spiny frog
  1240 | D        | Killed a spiny frog
  1240 | D        | Reached skill level 11 in Fighting
  1248 | D        | Paralysed by a floating eye for 2 turns
  1504 | D        | Paralysed by a hornet for 1 turns
  1718 | D        | Noticed Grum
  1728 | D        | Killed Grum
  1728 | D        | Reached skill level 10 in Stealth
  1809 | D        | Noticed an anaconda
  1814 | D        | Killed an anaconda
  1814 | D        | Reached skill level 10 in Spellcasting
  1815 | D        | Reached XP level 11. HP: 84/104 MP: 19/25
  1821 | D        | Reached ****** piety under Wu Jian
  1821 | D        | Reached skill level 12 in Fighting
  1894 | D        | Gained mutation: Your flesh is heat resistant. (rF+) [potion of mutation]
  1894 | D        | Gained mutation: You can translocate small distances at will. [potion of mutation]
  2059 | D        | Noticed a death yak
  2068 | D        | Killed a death yak
  2085 | D        | Noticed a swamp dragon
  2085 | D        | Noticed a phantasmal warrior
  2096 | D        | Noticed a deep elf mage
  2096 | D        | Noticed a deep elf knight
  2098 | D        | Noticed a deep elf mage
  2099 | D        | Noticed a deep elf knight
  2101 | D        | Killed a swamp dragon
  2106 | D        | Killed a phantasmal warrior
  2115 | D        | Noticed a shadow wraith
  2116 | D        | Killed a shadow wraith
  2117 | D        | Killed a deep elf knight
  2120 | D        | Killed a deep elf mage
  2121 | D        | Killed a deep elf mage
  2131 | D        | Killed a deep elf knight
  2427 | D        | Noticed a deep elf archer
  2438 | D        | Killed a deep elf archer
  2438 | D        | Reached skill level 13 in Fighting
  2452 | D        | Noticed a sun demon
  2455 | D        | Killed a sun demon
  2475 | D        | Learned a level 2 spell: Sticks to Snakes
  2540 | D        | Noticed a stone giant
  2540 | D        | Noticed a skeletal warrior
  2544 | D        | Noticed a six-headed hydra
  2544 | D        | Noticed a catoblepas
  2546 | D        | Reached skill level 10 in Dodging
  2546 | D        | Reached XP level 12. HP: 115/115 MP: 22/27
  2549 | D        | Killed a catoblepas
  2549 | D        | Killed an eight-headed hydra
  2553 | D        | Noticed an emperor scorpion
  2566 | D        | Mangled by a redback

Vault maps used:
D:        pitsprint

Skill      XL: |  1  2  3  4  5  6  7  8  9 10 11 12 |
---------------+-------------------------------------+-----
Fighting       | 4 5 6 7 8 9 10 11 13 | 13.8
Dodging        | 3 4 5 6 8 10 | 10.4
Stealth        | 2 3 4 5 6 7 9 10 11 12 | 12.2
Unarmed Combat | 4 5 6 7 8 9 11 12 | 12.7
Spellcasting   | 4 5 6 7 8 9 10 11 | 11.8
Transmutations | 4 5 6 7 8 9 10 12 | 12.6
Ice Magic      | 1 2 3 4 5 6 8 |  8.6
Poison Magic   | 1 2 3 4 5 6 8 |  8.6

Action                   |  1- 3 |  4- 6 |  7- 9 | 10-12 || total
-------------------------+-------+-------+-------+-------++-------
Melee: Unarmed           |     3 |    54 |    93 |   153 ||   303
       Kick              |     2 |       |       |       ||     2
       Tailslap          |     1 |       |    10 |    15 ||    26
       Punch             |       |       |     2 |     7 ||     9
 Cast: Beastly Appendage |     1 |       |       |       ||     1
       Spider Form       |       |     5 |       |       ||     5
       Ice Form          |       |     1 |       |       ||     1
       Blade Hands       |       |       |     5 |    10 ||    15
Invok: Heavenly Storm    |       |       |     4 |     4 ||     8
       Serpent's Lash    |       |       |     3 |     5 ||     8
 Abil: Breathe Acid      |       |       |       |     2 ||     2
  Use: Potion            |       |     1 |     1 |    10 ||    12
       Scroll            |       |       |       |     4 ||     4
 Stab: Sleeping          |       |     2 |     4 |     5 ||    11
  Eat: Chunk             |       |       |     3 |       ||     3
       Fruit             |       |       |    11 |       ||    11
Armor: Skin              |       |     4 |    18 |    24 ||    46
Dodge: Dodged            |       |    35 |    67 |   121 ||   223
